 Dungeon Sprint DCSS version 0.22.1-1-ga44c0e56f4 (webtiles) character file.

87 MuseOD the Sneak (level 4, -3/24 HPs)
             Began as a Spriggan Enchanter on Sept 21, 2018.
             Slain by a necrophage (6 damage)
             ... while paralysed
             ... in the Dungeon (Sprint II: "The Violet Keep of Menkaure").
             The game lasted 00:00:15 (29 turns).

MuseOD the Sneak (Spriggan Enchanter)                 Turns: 29, Time: 00:00:15

Health: -3/24      AC:  2    Str:  4    XL:     4   Next: 28%
Magic:  9/9        EV:  4    Int: 17    God:
Gold:   0          SH:  0    Dex: 16    Spells: 7/8 levels left

rFire    . . .     SeeInvis +   a - +1 dagger
rCold    . . .     Gourm    .   (shield restricted)
rNeg     . . .     Faith    .   b - +0 robe
rPois    .         Spirit   .   (helmet restricted)
rElec    .         Reflect  .   (no cloak)
rCorr    .         Harm     .   (gloves unavailable)
MR       .....     NoTele   +   (boots unavailable)
Stlth    ++++......             (no amulet)
HPRegen  0.08/turn              (no ring)
MPRegen  0.11/turn              (no ring)

@: paralysed, berserk cooldown, slowed, very quick
A: very small, unfitting armour, see invisible, herbivore, speed 3, slow
metabolism 2
a: no special abilities


You were in the Dungeon.
You were not hungry.

You visited 1 branch

Inventory:

Hand Weapons
 a - a +1 dagger (weapon)
Armour
 b - a +0 robe (worn)
Scrolls
 j - a scroll of blinking
Potions
 e - a potion of curing
 f - a potion of heal wounds
 g - a potion of haste
 h - 2 potions of magic
Comestibles
 d - a ration


   Skills:
 + Level 3.2 Fighting
 * Level 6.6 Short Blades
 - Level 3.0 Dodging
 + Level 7.9 Stealth
 - Level 2.6 Spellcasting
 - Level 3.6 Hexes


You had 7 spell levels left.
You knew the following spells:

 Your Spells              Type           Power        Failure   Level  Hunger
a - Corona                Hex            ##.....      4%          1    #......

Your spell library contained the following spells:

 Spells                   Type           Power        Failure   Level  Hunger
 Confuse                  Hex            ##......     12%         3    ###....
 Tukima's Dance           Hex            ##......     12%         3    ###....
 Ensorcelled Hibernation  Hex/Ice        #.....       13%         2    ##.....
 Dazzling Spray           Conj/Hex       #.....       26%         3    ###....


Dungeon Overview and Level Annotations

Branches:
Dungeon (1/1)

Altars:


Innate Abilities, Weirdness & Mutations

You are very small and have problems with some larger weapons.
You are too small for most types of armour.
You have supernaturally acute eyesight. (SInv)
You are a herbivore.
You cover ground extremely quickly.
You need to consume almost no food.


Message History

You puncture the necrophage!
You destroy the necrophage!
Your Fighting skill gained 3 levels and is now at level 3!
Your Short Blades skill gained 5 levels and is now at level 6!
Your Stealth skill gained 3 levels and is now at level 7!
You have reached level 2!
You have reached level 3!
Your experience leads to an increase in your attributes!
Your base attributes are Str 4, Int 16, Dex 16.
Increase (S)trength, (I)ntelligence, or (D)exterity?
You feel clever.
You have reached level 4!
You completely miss the necrophage.
You are no longer berserk.
You pass out from exhaustion.
You feel yourself slow down. The necrophage hits you. x3
* * * LOW HITPOINT WARNING * * *
The necrophage hits you.
You die...

## ## ##. .##
.m#.. # ... #
##. #+# .##
#..n##.##.w.#
#n@<.+#
#..n##.##w..#
##. #+# .## #
#


You could see 3 necrophages.

Vanquished Creatures
  A necrophage (D)
1 creature vanquished.

Notes
Turn   | Place    | Note
-------+----------+-------------------------------------------
     0 | D        | MuseOD the Spriggan Enchanter began the quest for the Orb.
     0 | D        | Reached XP level 1. HP: 9/9 MP: 5/5
     1 | D        | Noticed a merfolk siren
     4 | D        | Noticed a tyrant leech
     4 | D        | Noticed a tyrant leech
     8 | D        | Noticed a necrophage
     8 | D        | Noticed a necrophage
     8 | D        | Noticed a necrophage
     8 | D        | Noticed a necrophage
    24 | D        | Killed a necrophage
    24 | D        | Reached skill level 7 in Stealth
    24 | D        | Reached XP level 2. HP: 15/16 MP: 6/6
    24 | D        | Reached XP level 3. HP: 19/20 MP: 8/8
    24 | D        | Reached XP level 4. HP: 23/24 MP: 9/9
    29 | D        | Slain by a necrophage

Skill      XL: |  1 |
---------------+----+-----
Fighting       | 3 |  3.2
Short Blades   | 6 |  6.6
Stealth        | 7 |  7.9
Dodging        | |  3.0
Spellcasting   | |  2.6
Hexes          | |  3.6

Action                   |  1- 3 |  4- 6 || total
-------------------------+-------+-------++-------
Melee: Dagger            |    15 |     1 ||    16
  Use: Potion            |     1 |       ||     1
Dodge: Dodged            |     8 |       ||     8
